SAA
IRVING BLUE SOX @ VIRGINIA BEACH DEUCES
07/31/2021
 
TOP OF THE 1ST
Irving Blue Sox batting - Pitching for Virginia Beach Deuces : RHP Carlos Pérez
Pitching: RHP Carlos Pérez
Batting: RHB Alfredo Chávez 0-0: Bunted foul
0-1: Ball
1-1: Foul Ball, location: 2F
1-2: SINGLE (Line Drive, 56)
Batting: RHB Dave Ash 0-0: Ball
1-0: Fly out, F4 (Popup, 4MD)
Batting: RHB Stewart Ralston 0-0: Ball
1-0: Ball
2-0: Fly out, F9 (Flyball, 9LM)
Batting: RHB Júlio López 0-0: Ball
1-0: Called Strike
1-1: Ground out 5-3 (Groundball, 5)
Top of the 1st over - 0 run(s), 1 hit(s), 0 error(s), 1 left on base; Irving 0 - Virginia Beach 0
BOTTOM OF THE 1ST
Virginia Beach Deuces batting - Pitching for Irving Blue Sox : RHP Robbie Baxter
Pitching: RHP Robbie Baxter
Batting: LHB Alberto Enríquez 0-0: Ball
1-0: Called Strike
1-1: Called Strike
1-2: Foul Ball, location: 2F
1-2: Foul Ball, location: 2F
1-2: Ground out U3 (Groundball, 3)
Batting: RHB Luis Sáenz 0-0: Ball
1-0: Called Strike
1-1: Swinging Strike
1-2: Strikes out swinging
Batting: RHB Lorenzo Ramírez 0-0: Ball
1-0: Ball
2-0: SINGLE (Groundball, 6M)
Batting: LHB Salvadaro Meireles 0-0: Swinging Strike
0-1: Called Strike
0-2: Strikes out swinging
Bottom of the 1st over - 0 run(s), 1 hit(s), 0 error(s), 1 left on base; Irving 0 - Virginia Beach 0
TOP OF THE 2ND
Irving Blue Sox batting - Pitching for Virginia Beach Deuces : RHP Carlos Pérez
Batting: RHB Robert Jackson 0-0: Called Strike
0-1: Ball
1-1: Ground out 6-3 (Groundball, 6M)
Batting: RHB Stan Barnes 0-0: SINGLE (Line Drive, 8LS)
Batting: RHB Dennis Newell 0-0: Ball
1-0: Foul Ball, location: 2F
1-1: Swinging Strike
1-2: Ball
2-2: Strikes out swinging
Batting: LHB Kenji Takahashi 0-0: Ball
1-0: SINGLE (Flyball, 9LS)
Stan Barnes to second
Runner from 2nd tries for 3rd, SAFE, throw made to third
Batting: RHB Jorge López 0-0: Called Strike
0-1: Ball
1-1: Swinging Strike
1-2: SINGLE (Flyball, 9S)
Stan Barnes scores
Kenji Takahashi to second
Batting: RHB Alfredo Chávez 0-0: Called Strike
0-1: SINGLE (Groundball, 56D) (infield hit)
Kenji Takahashi to third
Jorge López to second
Batting: RHB Dave Ash 0-0: Called Strike
0-1: Ball
1-1: Foul Ball, location: 2F
1-2: Hit by Pitch
Kenji Takahashi scores
Jorge López to third
Alfredo Chávez to second
Batting: RHB Stewart Ralston 0-0: SINGLE (Line Drive, 3D)
Jorge López scores
Alfredo Chávez to third
Dave Ash to second
Runner from 3rd tries for Home, SAFE, no throw or cutoff
Batting: RHB Júlio López 0-0: Ball
1-0: Ground out 5-3 (Groundball, 56S)
Top of the 2nd over - 4 run(s), 5 hit(s), 0 error(s), 2 left on base; Irving 4 - Virginia Beach 0
BOTTOM OF THE 2ND
Virginia Beach Deuces batting - Pitching for Irving Blue Sox : RHP Robbie Baxter
Batting: SHB José Quintero 0-0: Ball
1-0: Swinging Strike
1-1: DOUBLE (Flyball, 7LM)
Batting: SHB Mark Kennedy 0-0: Ball
1-0: Foul Ball, location: 2F
1-1: Ball
2-1: Ball
3-1: Base on Balls
Batting: RHB Gerald Sims 0-0: Ball
1-0: Called Strike
1-1: Ball
2-1: Foul Ball, location: 2F
2-2: Foul Ball, location: 2F
2-2: Strikes out looking
Batting: RHB Dana Akers 0-0: Ball
1-0: Ball
2-0: Ground out 4-3 (Groundball, 4M)
José Quintero to third
Mark Kennedy to second
Batting: RHB Jim Unknown 0-0: Ball
1-0: Ball
2-0: Ball
3-0: Foul Ball, location: 2F
3-1: Base on Balls
Batting: LHB Alberto Enríquez 0-0: Fly out, F7 (Flyball, 7M)
Bottom of the 2nd over - 0 run(s), 1 hit(s), 0 error(s), 3 left on base; Irving 4 - Virginia Beach 0
TOP OF THE 3RD
Irving Blue Sox batting - Pitching for Virginia Beach Deuces : RHP Carlos Pérez
Batting: RHB Robert Jackson 0-0: Ball
1-0: Ball
2-0: Called Strike
2-1: Foul Ball, location: 2F
2-2: Ball
3-2: Ground out 4-3 (Groundball, 4M)
Batting: RHB Stan Barnes 0-0: SINGLE (Groundball, 4MD)
Batting: RHB Dennis Newell 0-0: Fly out, F3 (Line Drive, 3)
0-0: Lined into DP, U3 (Line Drive, 3)
Top of the 3rd over - 0 run(s), 1 hit(s), 0 error(s), 0 left on base; Irving 4 - Virginia Beach 0
BOTTOM OF THE 3RD
Virginia Beach Deuces batting - Pitching for Irving Blue Sox : RHP Robbie Baxter
Batting: RHB Luis Sáenz 0-0: Called Strike
0-1: Ball
1-1: Swinging Strike
1-2: Ball
2-2: Ground out 5-3 (Groundball, 5)
Batting: RHB Lorenzo Ramírez 0-0: Foul Ball, location: 2F
0-1: Foul Ball, location: 2F
0-2: Strikes out looking
Batting: LHB Salvadaro Meireles 0-0: DOUBLE (Line Drive, 8LM)
Batting: SHB José Quintero 0-0: Ball
1-0: Swinging Strike
1-1: Foul Ball, location: 2F
1-2: Foul Ball, location: 2F
1-2: Foul Ball, location: 2F
1-2: Ball
2-2: Foul Ball, location: 2F
2-2: Ball
3-2: Foul Ball, location: 2F
3-2: 2-RUN HOME RUN (Flyball, 9D), Distance : 386 ft
Batting: SHB Mark Kennedy 0-0: Ball
1-0: Ball
2-0: Foul Ball, location: 2F
2-1: Ball
3-1: Called Strike
3-2: Base on Balls
Batting: RHB Gerald Sims 0-0: Called Strike
0-1: Ball
1-1: Ball
2-1: Ground out 3-1 (Groundball, 34)
Bottom of the 3rd over - 2 run(s), 2 hit(s), 0 error(s), 1 left on base; Irving 4 - Virginia Beach 2
TOP OF THE 4TH
Irving Blue Sox batting - Pitching for Virginia Beach Deuces : RHP Carlos Pérez
Batting: LHB Kenji Takahashi 0-0: Foul Ball, location: 2F
0-1: Ball
1-1: Ball
2-1: Foul Ball, location: 2F
2-2: Fly out, F7 (Flyball, 7LM)
Batting: RHB Jorge López 0-0: SINGLE (Line Drive, 34D)
Batting: RHB Alfredo Chávez 0-0: Called Strike
0-1: Ball
1-1: Ball
2-1: Fly out, F8 (Flyball, 8LM)
Batting: RHB Dave Ash 0-0: Called Strike
0-1: Ball
1-1: Swinging Strike
1-2: Ball
2-2: Ground out 5-3 (Groundball, 56)
Top of the 4th over - 0 run(s), 1 hit(s), 0 error(s), 1 left on base; Irving 4 - Virginia Beach 2
BOTTOM OF THE 4TH
Virginia Beach Deuces batting - Pitching for Irving Blue Sox : RHP Robbie Baxter
Batting: RHB Dana Akers 0-0: Ball
1-0: Fly out, F2 (Popup, 2LF)
Batting: RHB Jim Unknown 0-0: Ball
1-0: Called Strike
1-1: Swinging Strike
1-2: Fly out, F5 (Popup, 5SF)
Batting: LHB Alberto Enríquez 0-0: Ball
1-0: Swinging Strike
1-1: Foul Ball, location: 2F
1-2: Fly out, F7 (Flyball, 7LM)
Bottom of the 4th over - 0 run(s), 0 hit(s), 0 error(s), 0 left on base; Irving 4 - Virginia Beach 2
TOP OF THE 5TH
Irving Blue Sox batting - Pitching for Virginia Beach Deuces : RHP Carlos Pérez
Batting: RHB Stewart Ralston 0-0: Ball
1-0: Foul Ball, location: 2F
1-1: Swinging Strike
1-2: Ball
2-2: Ground out 6-3 (Groundball, 6)
Batting: RHB Júlio López 0-0: Ball
1-0: Ball
2-0: Called Strike
2-1: Ground out 4-3 (Groundball, 4)
Batting: RHB Robert Jackson 0-0: Ball
1-0: Ball
2-0: Ball
3-0: Base on Balls
Batting: RHB Stan Barnes 0-0: Ball
1-0: Ball
Wild Pitch!
Robert Jackson to second
2-0: Called Strike
2-1: Ground out 1-3 (Groundball, 13S)
Top of the 5th over - 0 run(s), 0 hit(s), 0 error(s), 1 left on base; Irving 4 - Virginia Beach 2
BOTTOM OF THE 5TH
Virginia Beach Deuces batting - Pitching for Irving Blue Sox : RHP Robbie Baxter
Batting: RHB Luis Sáenz 0-0: Foul Ball, location: 2F
0-1: Swinging Strike
0-2: Ball
1-2: Strikes out swinging
Batting: RHB Lorenzo Ramírez 0-0: Ball
1-0: Swinging Strike
1-1: Ground out 6-3 (Groundball, 6M)
Batting: LHB Salvadaro Meireles 0-0: Ball
1-0: Ball
2-0: Ball
3-0: Swinging Strike
3-1: Foul Ball, location: 2F
3-2: Base on Balls
Batting: SHB José Quintero 0-0: Ground out 4-3 (Groundball, 4)
Bottom of the 5th over - 0 run(s), 0 hit(s), 0 error(s), 1 left on base; Irving 4 - Virginia Beach 2
TOP OF THE 6TH
Irving Blue Sox batting - Pitching for Virginia Beach Deuces : RHP Carlos Pérez
Batting: RHB Dennis Newell 0-0: Called Strike
0-1: Fly out, F8 (Flyball, 8LM)
Batting: LHB Kenji Takahashi 0-0: Ball
1-0: Swinging Strike
1-1: Swinging Strike
1-2: Ground out 4-3 (Groundball, 4)
Batting: RHB Jorge López 0-0: Ball
1-0: Ball
2-0: Ball
3-0: Base on Balls
Batting: RHB Alfredo Chávez 0-0: Called Strike
Jorge López steals 2nd base
0-1: Ball
1-1: Foul Ball, location: 2F
1-2: Ball
2-2: Ground out 6-3 (Groundball, 6)
Top of the 6th over - 0 run(s), 0 hit(s), 0 error(s), 1 left on base; Irving 4 - Virginia Beach 2
BOTTOM OF THE 6TH
Virginia Beach Deuces batting - Pitching for Irving Blue Sox : RHP Robbie Baxter
Batting: SHB Mark Kennedy 0-0: Ground out 4-3 (Groundball, 34)
Batting: RHB Gerald Sims 0-0: Ball
1-0: Swinging Strike
1-1: Reached on error, E5 (Groundball, 56)
Batting: RHB Dana Akers 0-0: Fly out, F3 (Line Drive, 3)
Batting: RHB Jim Unknown 0-0: Called Strike
0-1: Ball
1-1: Ball
2-1: Called Strike
2-2: Fly out, F9 (Flyball, 9M)
Bottom of the 6th over - 0 run(s), 0 hit(s), 1 error(s), 1 left on base; Irving 4 - Virginia Beach 2
TOP OF THE 7TH
Irving Blue Sox batting - Pitching for Virginia Beach Deuces : RHP Carlos Pérez
Batting: RHB Dave Ash 0-0: Foul Ball, location: 2F
0-1: Ball
1-1: Bunt missed!
1-2: Foul Ball, location: 2F
1-2: Foul Ball, location: 2F
1-2: Foul Ball, location: 2F
1-2: Ball
2-2: Fly out, F8 (Flyball, 89S)
Batting: RHB Stewart Ralston 0-0: Foul Ball, location: 2F
0-1: Ball
1-1: Foul Ball, location: 2F
1-2: Fly out, F3 (Popup, 3SF)
Batting: RHB Júlio López 0-0: Foul Ball, location: 2F
0-1: Fly out, F7 (Flyball, 7M)
Top of the 7th over - 0 run(s), 0 hit(s), 0 error(s), 0 left on base; Irving 4 - Virginia Beach 2
BOTTOM OF THE 7TH
Virginia Beach Deuces batting - Pitching for Irving Blue Sox : RHP Robbie Baxter
Batting: LHB Alberto Enríquez 0-0: SINGLE (Groundball, 56) (infield hit)
Batting: RHB Luis Sáenz 0-0: Ball
1-0: Bunted foul
1-1: Ball
2-1: Bunt missed!
2-2: Fly out, F8 (Flyball, 8LM)
Batting: RHB Lorenzo Ramírez 0-0: Ball
Alberto Enríquez steals 2nd base
1-0: Called Strike
1-1: Ball
2-1: Foul Ball, location: 2F
2-2: Foul Ball, location: 2F
2-2: Foul Ball, location: 2F
2-2: Ball
3-2: Strikes out looking
Batting: LHB Salvadaro Meireles 0-0: Ball
1-0: Ball
2-0: Ball
3-0: Base on Balls
Pinch Hitting: RHB Jim Unknown 0-0: Ball
1-0: Ball
2-0: Ball
3-0: Swinging Strike
3-1: Called Strike
3-2: Fly out, F8 (Flyball, 8RM)
Bottom of the 7th over - 0 run(s), 1 hit(s), 0 error(s), 2 left on base; Irving 4 - Virginia Beach 2
TOP OF THE 8TH
Irving Blue Sox batting - Pitching for Virginia Beach Deuces : RHP Carlos Pérez
Now in RF: Jim Unknown
Batting: RHB Robert Jackson 0-0: Ground out 6-3 (Groundball, 6)
Batting: RHB Stan Barnes 0-0: Ball
1-0: Ball
2-0: Ball
3-0: Called Strike
3-1: Called Strike
3-2: Base on Balls
Pitching: LHP José Carrasco
Batting: RHB Dennis Newell 0-0: Ball
1-0: Foul Ball, location: 2F
1-1: Foul Ball, location: 2F
1-2: Ball
2-2: Fly out, F8 (Flyball, 8LM)
Batting: LHB Kenji Takahashi 0-0: Ball
1-0: Ball
2-0: Ball
3-0: Foul Ball, location: 2F
3-1: Foul Ball, location: 2F
3-2: Foul Ball, location: 2F
3-2: Base on Balls
Stan Barnes to second
Pinch Hitting: RHB Will Hunter 0-0: Foul Ball, location: 2F
0-1: Ball
1-1: Swinging Strike
1-2: Fly out, F8 (Line Drive, 8LD)
Top of the 8th over - 0 run(s), 0 hit(s), 0 error(s), 2 left on base; Irving 4 - Virginia Beach 2
BOTTOM OF THE 8TH
Virginia Beach Deuces batting - Pitching for Irving Blue Sox : RHP Robbie Baxter
Now at SS: Robbie Young
Batting: SHB Mark Kennedy 0-0: Ball
1-0: Called Strike
1-1: Ball
2-1: Called Strike
2-2: Ball
3-2: Base on Balls
Pitching: RHP Monty Whitney
Batting: RHB Gerald Sims 0-0: Ball
1-0: Ball
2-0: Fly out, F4 (Popup, 4D)
Pitching: RHP Jim Meyer
Batting: RHB Dana Akers 0-0: Foul Ball, location: 2F
0-1: Swinging Strike
0-2: Strikes out swinging
Batting: RHB Jim Unknown 0-0: Ball
1-0: Called Strike
1-1: Ball
2-1: Ball
3-1: Foul Ball, location: 2F
3-2: Strikes out swinging
Bottom of the 8th over - 0 run(s), 0 hit(s), 0 error(s), 1 left on base; Irving 4 - Virginia Beach 2
TOP OF THE 9TH
Irving Blue Sox batting - Pitching for Virginia Beach Deuces : LHP José Carrasco
Batting: RHB Alfredo Chávez 0-0: Ball
1-0: Ball
2-0: Ball
3-0: Base on Balls
Batting: RHB Dave Ash 0-0: Ball
1-0: Ball
2-0: Bunted foul
2-1: Sac Bunt - play at first, batter OUT! 1-4
Alfredo Chávez to second
Batting: RHB Stewart Ralston 0-0: Intentional Walk
Batting: RHB Júlio López 0-0: Ball
1-0: Fly out, F8 (Flyball, 8RM)
Batting: RHB Robert Jackson 0-0: Swinging Strike
0-1: Foul Ball, location: 2F
0-2: Foul Ball, location: 2F
0-2: Fly out, F5 (Popup, 5F)
Top of the 9th over - 0 run(s), 0 hit(s), 0 error(s), 2 left on base; Irving 4 - Virginia Beach 2
BOTTOM OF THE 9TH
Virginia Beach Deuces batting - Pitching for Irving Blue Sox : RHP Jim Meyer
Pitching: RHP Domingo Álvarez
Batting: LHB Alberto Enríquez 0-0: SINGLE (Groundball, 34D)
Batting: RHB Luis Sáenz 0-0: Foul Ball, location: 2F
0-1: Reached on error, E6 (Groundball, 6)
Alberto Enríquez to second
Batting: RHB Lorenzo Ramírez 0-0: Called Strike
0-1: Foul Ball, location: 2F
0-2: Ball
1-2: Fly out, F9 (Flyball, 9D)
Runner from 2nd tags up, SAFE at 3rd, no throw
Batting: LHB Salvadaro Meireles 0-0: Ball
1-0: Called Strike
1-1: Ball
2-1: Ball
3-1: Foul Ball, location: 2F
3-2: Base on Balls
Luis Sáenz to second
Batting: RHB Jim Unknown 0-0: Ball
1-0: Foul Ball, location: 2F
1-1: Foul Ball, location: 2F
1-2: Fly out, F8 (Flyball, 8RM)
Runner from 3rd tags up, SCORES, no throw
Pinch Hitting: RHB Jim Unknown 0-0: Foul Ball, location: 2F
0-1: Ball
1-1: Ground out 4-3 (Groundball, 4)
Bottom of the 9th over - 1 run(s), 1 hit(s), 1 error(s), 2 left on base; Irving 4 - Virginia Beach 3
This league is powered by Out of the Park Baseball, the baseball management simulation game for PC, Mac and Linux
Friday, January 22nd, 2016 - OOTP Baseball 16.9 Build 39